[Event "Late-Titled-Tuesday-Blitz-March-12-2024"]
[Site "Chess.com"]
[Date "2024.03.12"]
[Round "2"]
[White "RebelJohnny"]
[Black "norwaytoadog"]
[Result "1-0"]
[WhiteElo "2548"]
[BlackElo "2321"]
[TimeControl "180+1"]
[EndTime "14:16:05 PDT"]
[Termination "RebelJohnny won on time"]

1. e4 c5 2. Nf3 Nc6 3. d4 cxd4 4. Nxd4 e5 5. Nb5 d6 6. N1c3 a6 7. Na3 Be7 8. Be3 Nf6 9. Nc4 b5 10. Nb6 Rb8 11. Nxc8 Qxc8 12. Be2 O-O 13. O-O h6 14. a3 Na5 15. Qd3 Nc4 16. Bc1 Qd8 17.
b3 Nb6 18. Rd1 Nfd7 19. Be3 Rc8 20. a4 b4 21. Nd5 Nxd5 22. Qxd5 Rxc2 23. Bxa6 Bg5 24.
Bxg5 Qxg5 25. Qxd6 Nc5 26. Bd3 Nxb3 27. Bxc2 Nxa1 28.
Rxa1 Rd8 29. Qxb4 Rd2 30. Bb3 Qf4 31. Qb6 Qxe4 32. h3 Qe2 33. a5 1-0

[Event "Late-Titled-Tuesday-Blitz-March-12-2024"]
[Site "Chess.com"]
[Date "2024.03.12"]
[Round "2"]
[White "katharinareinecke"]
[Black "chess_blitz00"]
[Result "0-1"]
[WhiteElo "1976"]
[BlackElo "2454"]
[TimeControl "180+1"]
[EndTime "14:16:05 PDT"]
[Termination "chess_blitz00 won by resignation"]

1. e4 c5 2. Nf3 Nc6 3. Bb5 e6 4. O-O Nge7 5. Re1 d6 6. c3 Bd7 7. d4 Qc7 8. Be3 b6 9. a4 g6 10. Nbd2 Bg7 11. Rc1 O-O 12. Nf1 a6 13. Be2 Qb7 14.
N3d2 cxd4 15. cxd4 Nxd4 16. f3 Nxe2+ 17. Qxe2 Bxa4 18.
Nc4 Nc8 19. Nfd2 Bb5 20. Qd1 d5 21. Na3 Nd6 22. Nxb5 Nxb5 23. Qb3 d4 24. Bf4 e5 25. Bg3 Rac8 26. Nc4 Rc5 27. Rc2 Rfc8 28. Rec1 Qc7 29.
h3 Kh8 30. Kh2 f6 31. Bf2 Bh6 32. Na3 Bxc1 33. Nxb5 axb5 34. Rxc5 bxc5 0-1

[Event "Late-Titled-Tuesday-Blitz-March-12-2024"]
[Site "Chess.com"]
[Date "2024.03.12"]
[Round "2"]
[White "diamonds13"]
[Black "WilsonPalencia21"]
[Result "1/2-1/2"]
[WhiteElo "2357"]
[BlackElo "2552"]
[TimeControl "180+1"]
[EndTime "14:16:08 PDT"]
[Termination "Game drawn by repetition"]

1. d4 Nf6 2. c4 c5 3. d5 e6 4. Nc3 exd5 5. cxd5 d6 6. e4 g6 7. h3 Bg7 8. Nf3 a6 9. a4 O-O 10. Bd3 Nh5 11. O-O Re8 12. g4 Nf6 13. Bg5 h6 14.
Bh4 Nbd7 15. Bg3 h5 16. g5 Nh7 17. h4 Qe7 18. Re1 Ne5 19. Nxe5 Bxe5 20. f4 Bd4+ 21. Kh2 Bg4 22. Qc2 Rac8 23. e5 c4 24. Bf1 Bf5 25. Qd2 dxe5 26. fxe5 Qc5 27. Bg2 Rcd8 28. Ne4 Bxe4 29. Rxe4 Rxd5 30. Qf4 Bxe5 31. Rae1 Bxf4 32. Rxe8+ Kg7 33. Bxf4 Nf8 34. Bxd5 Qxd5 35. Be5+ Kg8 36. Bc3 Qd6+ 37. Kg1 b5 38. axb5 axb5 39. Bf6 Qg3+ 40.
Kf1 Qf3+ 41. Kg1 Qg3+ 42. Kf1 Qf3+ 43. Kg1 Qg3+ 1/2-1/2

[Event "Late-Titled-Tuesday-Blitz-March-12-2024"]
[Site "Chess.com"]
[Date "2024.03.12"]
[Round "2"]
[White "VojtechPlat"]
[Black "Shahdad2007"]
[Result "1-0"]
[WhiteElo "2865"]
[BlackElo "2590"]
[TimeControl "180+1"]
[EndTime "14:16:11 PDT"]
[Termination "VojtechPlat won by resignation"]

1. e4 c5 2. Nf3 e6 3. c3 d5 4. exd5 Qxd5 5. d4 Nf6 6. Be2 Be7 7. O-O cxd4 8. Nxd4 O-O 9. Nd2 e5 10. Bf3 Qd8 11.
N4b3 Nc6 12. Qe2 Bf5 13. Ne4 Bxe4 14. Bxe4 Nxe4 15. Qxe4 f5 16. Qc4+ Kh8 17. Be3 f4 18.
Bc5 f3 19. Rfd1 Qe8 20. g3 Rd8 21. Bxe7 Qxe7 22. Nc5 Rxd1+ 23. Rxd1 Rd8 24. Rxd8+ Qxd8 25. Qd3 Qxd3 26. Nxd3 b6 27. Kf1 g5 28. Ke1 Kg7 29.
Kd2 g4 30. Ke3 Kf6 31. Ke4 Ke6 32. a4 h5 33. b4 Kf6 34. b5 Na5 35. Nxe5 Nb3 36. Nc6 Nc5+ 37. Kd4 Nxa4 38. Nxa7 Nc5 39. Nc8 Nb3+ 40. Ke3 Ke5 41. Nxb6 Nc5 42. Nc4+ Kd5 43. Nd2 Ne6 44. Ne4 Kc4 45. b6 Nd8 46. Nf6 Kc5 47. Nxh5 Kxb6 48. Nf6 Kc5 49. Nxg4 Kc4 50. Kxf3 Kxc3 1-0

[Event "Late-Titled-Tuesday-Blitz-March-12-2024"]
[Site "Chess.com"]
[Date "2024.03.12"]
[Round "2"]
[White "DonBroca"]
[Black "TokChess"]
[Result "0-1"]
[WhiteElo "2233"]
[BlackElo "2602"]
[TimeControl "180+1"]
[EndTime "14:16:11 PDT"]
[Termination "TokChess won on time"]

1. e4 c5 2. c3 Nf6 3. e5 Nd5 4. d4 cxd4 5. Nf3 d6 6. exd6 e6 7. Qxd4 Nc6 8. Bb5 Bxd6 9. O-O Qb6 10. Qxb6 axb6 11. Nd4 Bd7 12. Nd2 Nxd4 13. Bxd7+ Kxd7 14. cxd4 Rhc8 15. Ne4 Rc2 16. Rd1 h6 17. Rd2 Rac8 18. Rxc2 Rxc2 19. Kf1 Nb4 20. Nxd6 Kxd6 21. Bf4+ Kd5 22.
a3 Nd3 23. Be3 Nxb2 24. Rb1 Nc4 25. Rb5+ Kc6 26. a4 Rb2 27. Rxb2 Nxb2 28. Ke2 Nxa4 29. Kd3 Kd5 30. Bd2 Nb2+ 31. Kc3 Nc4 32. Bc1 Nd6 33. f3 Nb5+ 34. Kb4 Nxd4 35. Be3 e5 36. Kc3 f5 37. f4 Ne2+ 38. Kd2 Nxf4 0-1

[Event "Late-Titled-Tuesday-Blitz-March-12-2024"]
[Site "Chess.com"]
[Date "2024.03.12"]
[Round "2"]
[White "Ready4abattle"]
[Black "AmanteDeMoi"]
[Result "1-0"]
[WhiteElo "2420"]
[BlackElo "2585"]
[TimeControl "180+1"]
[EndTime "14:16:12 PDT"]
[Termination "Ready4abattle won by checkmate"]

1. e4 g6 2. d4 Bg7 3. Nc3 c6 4. f3 d5 5. Be3 Nf6 6. e5 Nfd7 7.
Qd2 h5 8. e6 fxe6 9. Nh3 e5 10.
dxe5 Nxe5 11. O-O-O Bxh3 12. gxh3 Nbd7 13. f4 Nf3 14. Qf2 d4 15. Qxf3 dxc3 16. Bd3 Qa5 17. Bxg6+ Kd8 18. Kb1 cxb2 19. Qe4 Rf8 20. Qe6 Qc7 21.
Bf5 Rxf5 22. Qxf5 Bf6 23. Rhg1 Ke8 24. Qg6+ Kf8 25. Qg8# 1-0

[Event "Late-Titled-Tuesday-Blitz-March-12-2024"]
[Site "Chess.com"]
[Date "2024.03.12"]
[Round "2"]
[White "carokannlover213"]
[Black "yobdc"]
[Result "1-0"]
[WhiteElo "2821"]
[BlackElo "2574"]
[TimeControl "180+1"]
[EndTime "14:16:14 PDT"]
[Termination "carokannlover213 won on time"]

1. e4 c5 2. Nf3 e6 3. d4 cxd4 4. Nxd4 a6 5. a3 Nf6 6. Nc3 Qc7 7. Be3 Nc6 8. f4 d6 9. Qf3 h5 10. O-O-O Nxd4 11. Bxd4 e5 12. fxe5 Bg4 13. Qf4 dxe5 14. Bxe5 Qc6 15. Rd2 Be7 16. Nd5 Nxd5 17. exd5 Qg6 18.
Bd3 Qg5 19. Qd4 O-O 20. h4 Qh6 21. d6 Bf6 22. Bxf6 Qxf6 23. Qxf6 gxf6 24. Re1 Rad8 25. Re7 Rxd6 26. Bh7+ Kxh7 27. Rxd6 f5 28. Rxb7 Kg7 29.
g3 Re8 30. Rdd7 Re1+ 31. Kd2 Re2+ 32. Kc3 Re3+ 33. Rd3 Re6 34. b4 Be2 35. Rdd7 Re3+ 36. Kd2 Re4 37. Rxf7+ Kg6 38. Rg7+ Kf6 39. Rbf7+ Ke5 40.
Re7+ 1-0

[Event "Late-Titled-Tuesday-Blitz-March-12-2024"]
[Site "Chess.com"]
[Date "2024.03.12"]
[Round "2"]
[White "ChessFanNM"]
[Black "Bugcrusher"]
[Result "0-1"]
[WhiteElo "2276"]
[BlackElo "2534"]
[TimeControl "180+1"]
[EndTime "14:16:16 PDT"]
[Termination "Bugcrusher won by resignation"]

1. e4 c6 2. d4 d5 3. exd5 cxd5 4.
Nf3 Nc6 5. c4 Nf6 6. cxd5 Nxd5 7. Nc3 a6 8. Bc4 Be6 9. Ng5 Nxc3 10. Nxe6 Nxd1 11. Nxd8 Rxd8 12. d5 Ne5 13. Bb3 Nxb2 14. Bxb2 Nd3+ 15. Kd2 Nxb2 16. Kc2 g6 17. Rab1 Bg7 18.
h4 O-O 19. Rxb2 Bxb2 20. Kxb2 e6 21. dxe6 fxe6 22. Bxe6+ Kg7 23. f3 Rd2+ 24. Kb3 Rxg2 25. Bd5 b5 26. h5 Rd8 27. Be4 Rdd2 28. hxg6 hxg6 29. Rc1 Rb2+ 30. Kc3 Rxa2 31. Kd4 Rgd2+ 32. Ke5 Rd7 33. Rc6 Re7+ 34. Kf4 Rxe4+ 35. fxe4 b4 36.
Rb6 a5 37. e5 Kf7 38. Rf6+ Ke7 39. Rxg6 b3 40. Rb6 a4 41. Kf5 Rf2+ 42. Ke4 b2 43. Kd5 Rd2+ 44. Ke4 a3 45. Rb7+ Kd8 46. Kf5 a2 47.
Ke6 b1=Q 0-1

[Event "Late-Titled-Tuesday-Blitz-March-12-2024"]
[Site "Chess.com"]
[Date "2024.03.12"]
[Round "2"]
[White "MatthewG-p4p"]
[Black "lucasran"]
[Result "1-0"]
[WhiteElo "2908"]
[BlackElo "2608"]
[TimeControl "180+1"]
[EndTime "14:16:17 PDT"]
[Termination "MatthewG-p4p won by resignation"]

1. e4 c6 2. d4 d5 3. exd5 cxd5 4. Bd3 Nc6 5. c3 Nf6 6. h3 g6 7.
Nf3 Bg7 8. O-O O-O 9. Re1 Bf5 10.
Bf1 Ne4 11. Nbd2 Nxd2 12. Bxd2 Rc8 13. Bf4 Na5 14. g4 Bd7 15. Bg2 Nc4 16. Qe2 Re8 17. b3 Na5 18. Rac1 Qb6 19. Ne5 Be6 20. Nd3 Rcd8 21.
Be5 Nc6 22. Bxg7 Kxg7 23. h4 Qc7 24. h5 Bc8 25. Qf3 f6 26. Qg3 Qxg3 27. fxg3 Bxg4 28. hxg6 hxg6 29. Nf4 e6 30. Re3 g5 31. Nd3 b6 32.
Rce1 Bf5 33. Nf2 g4 34. Bf1 Kf7 35. Bb5 Rd6 36. Be2 Rg8 37. Kg2 Ne7 38. Rh1 Ng6 39.
Bxg4 Bxg4 40. Nxg4 Nh4+ 41. Rxh4 1-0

[Event "Late-Titled-Tuesday-Blitz-March-12-2024"]
[Site "Chess.com"]
[Date "2024.03.12"]
[Round "2"]
[White "Joachim100x"]
[Black "Svet_1502"]
[Result "1-0"]
[WhiteElo "2507"]
[BlackElo "2214"]
[TimeControl "180+1"]
[EndTime "14:16:18 PDT"]
[Termination "Joachim100x won by resignation"]

1. Nc3 d5 2. d4 Nf6 3. Bg5 e6 4. e4 dxe4 5. Nxe4 Be7 6. Bxf6 Bxf6 7. Nf3 O-O 8. Qd2 b6 9. O-O-O Bb7 10. Qf4 Bxe4 11.
Qxe4 Qd5 12. Bd3 g6 13. Kb1 Nc6 14. c3 Na5 15. h4 Qxe4 16. Bxe4 Rac8 17. h5 c5 18.
hxg6 hxg6 19. d5 exd5 20. Bxd5 Rfd8 21. g4 Kg7 22. g5 Be7 23. Rhe1 Bd6 24. Ne5 Bxe5 25.
Rxe5 Nc6 26. Re2 Rd6 27. c4 Rcd8 28. a3 b5 29. Rc1 bxc4 30. Bxc6 Rxc6 31. Rxc4 Rd4 32.
Rec2 Rd5 33. f4 a5 34. Ka2 Kf8 35. Kb3 Ke7 36. Ka4 Rb6 37. b3 Rd4 38. Rxd4 cxd4 39.
Rd2 Rd6 40. Kxa5 Ke6 41. b4 Kf5 42. b5 Kxf4 43. b6 Ke3 44. b7 Rd8 45. Rb2 d3 46.
Kb6 d2 47. Rxd2 Kxd2 48. Kc7 Rf8 49. b8=Q Rxb8 50. Kxb8 Kc3 51. Kc7 Kb3 52. Kd6 Kxa3 53.
Ke7 f5 54. gxf6 g5 55. f7 g4 56. f8=Q 1-0

[Event "Late-Titled-Tuesday-Blitz-March-12-2024"]
[Site "Chess.com"]
[Date "2024.03.12"]
[Round "2"]
[White "Rutricks"]
[Black "mishanick"]
[Result "0-1"]
[WhiteElo "2716"]
[BlackElo "3113"]
[TimeControl "180+1"]
[EndTime "14:16:19 PDT"]
[Termination "mishanick won by resignation"]

1. Nc3 d5 2. d4 Nf6 3. Bf4 e6 4. f3 Bb4 5. Qd2 c5 6. e3 Nc6 7. Nge2 c4 8. a3 Be7 9. e4 a6 10. g4 b5 11. g5 Nh5 12. Be3 Rb8 13. Bg2 a5 14. exd5 exd5 15. f4 Be6 16. f5 Bxf5 17.
Nxd5 O-O 18. O-O Bg6 19. Ndf4 Nxf4 20. Nxf4 Qc7 21. Nd5 Qd7 22. Rae1 Bd6 23. Bf4 Rbe8 24. c3 Bd3 25. Rxe8 Rxe8 26. Re1 Rxe1+ 27. Qxe1 Bf8 28. Qg3 b4 29. axb4 axb4 30. Bf1 Qxd5 0-1

[Event "Late-Titled-Tuesday-Blitz-March-12-2024"]
[Site "Chess.com"]
[Date "2024.03.12"]
[Round "2"]
[White "Blitzstream"]
[Black "Yushko_Olga"]
[Result "1-0"]
[WhiteElo "2730"]
[BlackElo "2182"]
[TimeControl "180+1"]
[EndTime "14:16:20 PDT"]
[Termination "Blitzstream won by checkmate"]

1. d4 e6 2. e4 d5 3. Nd2 Nf6 4. e5 Nfd7 5. Ngf3 c5 6. c3 Nc6 7. Bd3 Qb6 8. O-O cxd4 9. cxd4 f6 10. exf6 Nxf6 11. Re1 Be7 12. Nf1 Bd7 13. Bg5 O-O 14.
Ng3 Rac8 15. a3 Kh8 16. b4 Bd6 17. Bc2 Ne7 18. Rc1 Rc4 19. Qd3 Ng6 20. Ne5 Bxe5 21.
dxe5 Ne4 22. Be3 d4 23. Qxc4 dxe3 24. fxe3 Nxg3 25. hxg3 Bb5 26. Qd4 Ne7 27. Qxb6 axb6 28. Be4 g6 29. g4 Ra8 30. Rc7 Nc6 31. Bxc6 Bxc6 32. Rf1 Rxa3 33. Rf8# 1-0

[Event "Late-Titled-Tuesday-Blitz-March-12-2024"]
[Site "Chess.com"]
[Date "2024.03.12"]
[Round "2"]
[White "JacksterThePro"]
[Black "bascheyaro"]
[Result "0-1"]
[WhiteElo "2467"]
[BlackElo "2786"]
[TimeControl "180+1"]
[EndTime "14:16:21 PDT"]
[Termination "bascheyaro won by resignation"]

1. e4 e6 2. d3 d5 3. Nd2 Nf6 4.
Ngf3 c5 5. g3 Nc6 6. Bg2 g6 7.
O-O Bg7 8. Re1 O-O 9. c3 Qb6 10. a3 Rd8 11. Qc2 a5 12. b3 Qa7 13.
Bb2 b5 14. exd5 exd5 15. c4 bxc4 16. dxc4 Bf5 17. Qc1 d4 18. Nh4 Bd7 19. Ne4 Nxe4 20. Bxe4 Rab8 21. Qc2 a4 22. bxa4 d3 23. Qxd3 Bxb2 24.
Rab1 Bd4 25. Bd5 Ne5 26. Qe4 Rxb1 27. Rxb1 Rb8 28. Re1 Qxa4 29. Nf3 Bf5 30. Qf4 Nxf3+ 31. Qxf3 Qd7 32. Qf4 Rb2 33. Rf1 Bd3 0-1

[Event "Late-Titled-Tuesday-Blitz-March-12-2024"]
[Site "Chess.com"]
[Date "2024.03.12"]
[Round "2"]
[White "lluiss"]
[Black "maksimys18"]
[Result "0-1"]
[WhiteElo "2240"]
[BlackElo "2525"]
[TimeControl "180+1"]
[EndTime "14:16:21 PDT"]
[Termination "maksimys18 won on time"]

1. e4 e6 2. d4 d5 3. e5 c5 4. dxc5 Bxc5 5. Nf3 Nc6 6. Bd3 Nge7 7. O-O Ng6 8. Qe2 O-O 9. c3 f6 10. exf6 Qxf6 11.
Bg5 Qf7 12. Nbd2 e5 13. Nb3 Bd6 14. Bxg6 Qxg6 15. Qd2 Be6 16. Be3 e4 17. Nfd4 Bh3 18. f3 Ne5 19. fxe4 dxe4 20. Nb5 Nf3+ 21. Rxf3 exf3 22.
Nxd6 Bxg2 23. Kf2 Rad8 24. Bf4 Rfe8 25. Re1 Rxe1 26. Qxe1 h6 27. Bg3 Bh3 28. Qe4 Rxd6 29. Qxg6 Rxg6 30. Kxf3 Rf6+ 31. Ke2 Bg4+ 32. Kd2 b6 33.
Nd4 Rf1 34. Nb5 a6 35. Nd4 b5 0-1

[Event "Late-Titled-Tuesday-Blitz-March-12-2024"]
[Site "Chess.com"]
[Date "2024.03.12"]
[Round "2"]
[White "ShahMatKanal"]
[Black "publicaccountcze"]
[Result "1-0"]
[WhiteElo "2496"]
[BlackElo "2198"]
[TimeControl "180+1"]
[EndTime "14:16:21 PDT"]
[Termination "ShahMatKanal won by checkmate"]

1. e4 c6 2. d4 d5 3. e5 Bf5 4. h4 h5 5. Bg5 Qb6 6. Bd3 Bxd3 7.
Qxd3 Qxb2 8. e6 Qxa1 9. Qb3 b5 10. Nf3 a5 11. O-O a4 12. exf7+ Kxf7 13. Ne5+ Ke8 14. Qh3 Kd8 15. Nc3 Qb2 16. Rb1 Qxc2 17. Rxb5 cxb5 18. Nxd5 Qd1+ 19. Kh2 Nh6 20. Nb6 Na6 21. Qd7# 1-0

[Event "Late-Titled-Tuesday-Blitz-March-12-2024"]
[Site "Chess.com"]
[Date "2024.03.12"]
[Round "2"]
[White "KetiTsatsalashvili"]
[Black "Andrei_Skvortsov"]
[Result "0-1"]
[WhiteElo "2440"]
[BlackElo "2744"]
[TimeControl "180+1"]
[EndTime "14:16:23 PDT"]
[Termination "Andrei_Skvortsov won by checkmate"]

1. d4 Nf6 2. Nf3 g6 3. c4 Bg7 4. Nc3 O-O 5. e4 d6 6. Be2 c5 7. d5 Na6 8. O-O Bg4 9. e5 Bxf3 10.
Bxf3 dxe5 11. d6 Rb8 12. dxe7 Qxe7 13. Bg5 Qe6 14. Nd5 Nxd5 15. Bxd5 Qf5 16. Qd2 Nc7 17. Be7 Rfc8 18. Bf3 Bf8 19. Bxf8 Rxf8 20. Qe2 Ne6 21. Bg4 Nd4 22. Qd1 Qg5 23. Bf3 Rfd8 24. Bd5 Kg7 25. Kh1 b5 26. b3 bxc4 27. bxc4 Rb2 28. Qa4 Qf6 29. Qxa7 Rxf2 30. Rxf2 Qxf2 31. Qe7 Qf6 32. Qxf6+ Kxf6 33. Rf1+ Kg5 34. Rxf7 Rb8 35. h3 h5 36. Kh2 Rb2 37. a4 Ra2 38. Ra7 Kf4 39. a5 h4 40. a6 Nf5 41. Ra8 Ng3 42. Rf8+ Kg5 43. Rf3 Ra1 44. Rxg3+ hxg3+ 45. Kxg3 Ra3+ 46. Kf2 Rxa6 47. Ke3 Kf6 48. Kf2 Kf5 49. Kg3 Ra3+ 50. Kh2 Kf4 51. Be6 e4 52. Kg1 Ke3 53. Kf1 Ra1# 0-1

[Event "Late-Titled-Tuesday-Blitz-March-12-2024"]
[Site "Chess.com"]
[Date "2024.03.12"]
[Round "2"]
[White "willcab71"]
[Black "flubs"]
[Result "0-1"]
[WhiteElo "2140"]
[BlackElo "2483"]
[TimeControl "180+1"]
[EndTime "14:16:24 PDT"]
[Termination "flubs won on time"]

1. d4 d5 2. Nf3 Nc6 3. e3 Nf6 4.
Nbd2 Bg4 5. Be2 e6 6. b3 Bb4 7.
Bb2 Ne4 8. O-O Nc3 9. Qe1 Nxe2+ 10. Qxe2 O-O 11. c3 Bd6 12. h3 Bh5 13. Rac1 Re8 14. c4 a6 15. g4 Bg6 16. Ne5 Bxe5 17. dxe5 Nb4 18. Qf3 Nxa2 19. Ra1 Nb4 20. Bd4 Nc2 21. Rac1 Nxd4 22. exd4 c6 23. Qg3 dxc4 24. Rxc4 Qd5 25. Qc3 Red8 26. f4 Rac8 27. Nf3 Be4 28. Rc5 Qd7 29. Rd1 b6 30. Rc4 c5 0-1

[Event "Late-Titled-Tuesday-Blitz-March-12-2024"]
[Site "Chess.com"]
[Date "2024.03.12"]
[Round "2"]
[White "shimastream"]
[Black "Willhaven3"]
[Result "1-0"]
[WhiteElo "2971"]
[BlackElo "2650"]
[TimeControl "180+1"]
[EndTime "14:16:26 PDT"]
[Termination "shimastream won by resignation"]

1. b3 f5 2. Bb2 e6 3. f4 Nf6 4.
Nf3 Be7 5. e3 O-O 6. Be2 d6 7.
O-O Nc6 8. c4 Ne4 9. d3 Bf6 10.
Qc2 Bxb2 11. Qxb2 Qf6 12. Qxf6 Nxf6 13. h3 Bd7 14. Nc3 a6 15. a3 e5 16. b4 Rfe8 17. Kf2 e4 18. dxe4 Nxe4+ 19. Nxe4 Rxe4 20. Bd3 Re7 21. Rac1 Rae8 22. Rfe1 g6 23. b5 Nb8 24. Nd4 b6 25. Bf1 a5 26. g3 Be6 27. Bg2 Kg7 28.
e4 fxe4 29. Rxe4 Bf7 30. Rxe7 Rxe7 31. Bd5 Nd7 32. Nc6 Re8 33. Kf3 Nc5 34. Rd1 Bxd5+ 35.
cxd5 Re4 36. Nd4 Kf6 37. g4 g5 38. fxg5+ Kxg5 39. Ne6+ Rxe6 40. dxe6 Nxe6 41. Rd5+ Kf6 42. h4 Nc5 43. Rf5+ Kg6 44. h5+ Kg7 45. g5 Nd7 46. Kf4 Nc5 47. h6+ Kg8 48. Kg4 Nd3 49. Rf1 Ne5+ 50. Kf5 Kf7 51. Rc1 Kf8 52. Rxc7 1-0

[Event "Late-Titled-Tuesday-Blitz-March-12-2024"]
[Site "Chess.com"]
[Date "2024.03.12"]
[Round "2"]
[White "Practical-Play"]
[Black "nindjaxx8"]
[Result "1-0"]
[WhiteElo "2453"]
[BlackElo "2683"]
[TimeControl "180+1"]
[EndTime "14:16:27 PDT"]
[Termination "Practical-Play won by resignation"]

1. e4 e6 2. d4 d5 3. Nc3 Bb4 4.
e5 c5 5. a3 Bxc3+ 6. bxc3 Ne7 7.
h4 Qc7 8. h5 h6 9. Rb1 Bd7 10.
Qg4 cxd4 11. Qxg7 Rg8 12. Qxh6 Qxe5+ 13. Be2 Nbc6 14. Nf3 Qe4 15. Rxb7 O-O-O 16. Rb1 Nf5 17. Qf4 e5 18. Qxe4 dxe4 19. Ba6+ Kc7 20. Rb7+ Kd6 21. Ng5 Rb8 22. Nxe4+ Ke7 23. Bg5+ f6 24. Bxf6+ Ke8 25. h6 Rxb7 26. h7 Kf7 27. Bc4+ Be6 28. Bxe6+ Kxe6 29. hxg8=Q+ 1-0

[Event "Late-Titled-Tuesday-Blitz-March-12-2024"]
[Site "Chess.com"]
[Date "2024.03.12"]
[Round "2"]
[White "Sina_Movahed"]
[Black "Korchmar_Vasiliy"]
[Result "1-0"]
[WhiteElo "3047"]
[BlackElo "2690"]
[TimeControl "180+1"]
[EndTime "14:16:34 PDT"]
[Termination "Sina_Movahed won on time"]

1. Nf3 d5 2. c4 c6 3. g3 g6 4. Bg2 Bg7 5. O-O e5 6. d3 Ne7 7. Nc3 O-O 8. cxd5 cxd5 9. Bg5 f6 10.
Bd2 Nbc6 11. a3 Be6 12. b4 Qd7 13. Re1 Kh8 14. Rc1 g5 15. Na4 b6 16. b5 Nd8 17. Bb4 Nf7 18. Nc3 Rfc8 19. Nd2 Rab8 20. Bxe7 Qxe7 21. Nxd5 Qxa3 22. Nc4 Qc5 23. Nc3 Bxc4 24.
dxc4 Qxc4 25. Bd5 Qc7 26. Be6 Rd8 27. Nd5 Qb7 28. Qb3 Nd6 29. Rc7 Qa8 30. Rec1 Ne4 31. Qf3 Nc5 32. R1xc5 bxc5 33. Rxg7 Rf8 34. Rd7 Rb7 35.
Nc7 Qb8 36. Qh5 1-0

[Event "Late-Titled-Tuesday-Blitz-March-12-2024"]
[Site "Chess.com"]
[Date "2024.03.12"]
[Round "2"]
[White "sergiochess83"]
[Black "grunbergmihai"]
[Result "1-0"]
[WhiteElo "2890"]
[BlackElo "2500"]
[TimeControl "180+1"]
[EndTime "14:16:34 PDT"]
[Termination "sergiochess83 won by resignation"]

1. d4 Nf6 2. c4 g6 3. f3 c5 4. d5 d6 5. e4 Bg7 6. Nc3 a6 7. a4 O-O 8. Bg5 e6 9. Bd3 exd5 10. cxd5 h6 11. Bf4 Nh5 12. Be3 Qh4+ 13. g3 Qe7 14. Qd2 Kh7 15. g4 Nf6 16. h4 Bxg4 17. fxg4 Nxg4 18. h5 Nxe3 19. Qxe3 g5 20. Nf3 Nd7 21.
e5+ Kh8 22. Qe4 f5 23. exf6 Qxe4+ 24. Nxe4 Nxf6 25. Nxf6 Bxf6 26. O-O Rae8 27. Bg6 Re2 28. Rae1 Rxb2 29. Rb1 c4 30. Rxb2 Bxb2 31. a5 g4 32. Nd2 Rxf1+ 33. Kxf1 c3 34. Nc4 Ba3 35. Nxa3 1-0

[Event "Late-Titled-Tuesday-Blitz-March-12-2024"]
[Site "Chess.com"]
[Date "2024.03.12"]
[Round "2"]
[White "KSho99"]
[Black "ElDivis"]
[Result "1/2-1/2"]
[WhiteElo "2144"]
[BlackElo "2468"]
[TimeControl "180+1"]
[EndTime "14:16:35 PDT"]
[Termination "Game drawn by repetition"]

1. d4 Nf6 2. Bg5 Ne4 3. Bf4 c5 4. d5 Qb6 5. Qc1 e6 6. dxe6 dxe6 7. f3 Qa5+ 8. c3 Nf6 9. e4 Nc6 10. Na3 a6 11. Nc4 Qd8 12. a4 Be7 13. Qc2 O-O 14.
Rd1 Qe8 15. Nd6 Bxd6 16. Bxd6 Ne7 17. Bxc5 Nd7 18. Be3 f5 19. Bc4 Ne5 20. Bb3 f4 21. Bd4 N7c6 22. Ne2 Rf6 23. O-O Qh5 24. h3 Qg5 25.
Kh1 Rg6 26. Nc1 Bd7 27. Bg1 Rf8 28. Qf2 Rh6 29. Bh2 Rff6 30. Ne2 Kf8 31. Rd2 Nf7 32. Rxd7 e5 33. Rxf7+ Rxf7 34. Bxf7 Kxf7 35. Rd1 Re6 36.
Rd7+ Re7 37. Rxe7+ Qxe7 38. Bg1 Qd6 39. Qc5 Qd1 40. Qd5+ Qxd5 41. exd5 Ne7 42. c4 Nf5 43. Nc3 Ng3+ 44. Kh2 Nf1+ 45. Kh1 Ng3+ 46. Kh2 Nf1+ 47. Kh1 Ng3+ 1/2-1/2

[Event "Late-Titled-Tuesday-Blitz-March-12-2024"]
[Site "Chess.com"]
[Date "2024.03.12"]
[Round "2"]
[White "expii"]
[Black "VD_coach"]
[Result "0-1"]
[WhiteElo "2193"]
[BlackElo "2494"]
[TimeControl "180+1"]
[EndTime "14:16:36 PDT"]
[Termination "VD_coach won by resignation"]

1. e4 c5 2. Nf3 d6 3. d4 cxd4 4. Nxd4 Nf6 5. Nc3 g6 6. g3 Bg7 7. Bg2 O-O 8. O-O a6 9. h3 Nc6 10. Be3 Bd7 11. f4 Rc8 12. g4 b5 13. a3 Na5 14.
Qd3 Nc4 15. Bc1 e5 16. Nde2 exf4 17. Nxf4 Bc6 18. Nfd5 Bxd5 19. exd5 Nd7 20. Kh1 Nde5 21. Qd1 Re8 22. b3 Nxa3 23. Bxa3 Rxc3 24. Bb2 Rg3 25.
Rxa6 Qh4 26. Kh2 Nxg4+ 27. Qxg4 Rxg4 28. Bxg7 Qg3+ 0-1

[Event "Late-Titled-Tuesday-Blitz-March-12-2024"]
[Site "Chess.com"]
[Date "2024.03.12"]
[Round "2"]
[White "bazar-wokzal"]
[Black "IngOscarArdila"]
[Result "1-0"]
[WhiteElo "2558"]
[BlackElo "2347"]
[TimeControl "180+1"]
[EndTime "14:16:38 PDT"]
[Termination "bazar-wokzal won on time"]

1. e4 e5 2. Bc4 Nf6 3. d3 Bc5 4.
Nf3 Nc6 5. Bg5 h6 6. Bh4 d6 7.
Nc3 Bg4 8. h3 Bxf3 9. Qxf3 g5 10.
Bg3 Nd4 11. Qd1 c6 12. Ne2 b5 13. Nxd4 Bxd4 14. c3 Bxf2+ 15. Bxf2 bxc4 16. Qa4 Qd7 17. Qxc4 O-O 18. O-O d5 19. Qa4 Nh5 20. d4 exd4 21. Qxd4 Nf4 22. Rae1 c5 23. Qd2 Rac8 24.
exd5 Rfd8 25. c4 Re8 26. Rxe8+ Rxe8 27. Re1 Rxe1+ 28. Bxe1 Qf5 29. Bf2 Qb1+ 30. Kh2 Qe4 31. Be3 Qxc4 32. Bxf4 gxf4 33. d6 Qe4 34. d7 1-0

[Event "Late-Titled-Tuesday-Blitz-March-12-2024"]
[Site "Chess.com"]
[Date "2024.03.12"]
[Round "2"]
[White "Bryanl106"]
[Black "ChristopherYoo"]
[Result "0-1"]
[WhiteElo "2658"]
[BlackElo "2988"]
[TimeControl "180+1"]
[EndTime "14:16:41 PDT"]
[Termination "ChristopherYoo won by resignation"]

1. e4 c5 2. Nf3 Nc6 3. d4 cxd4 4. Nxd4 Nf6 5. Nc3 e6 6. Ndb5 Bc5 7. Nd6+ Ke7 8. Bf4 e5 9. Nf5+ Kf8 10. Bg5 d6 11.
Ne3 Be6 12. Qd2 h6 13. Bxf6 Qxf6 14. Ned5 Qd8 15. Bc4 g6 16. O-O Kg7 17. Kh1 a6 18. a4 Rc8 19. Ba2 Re8 20. f3 Qg5 21. Qe2 Nd4 22.
Qd3 h5 23. Ne2 h4 24. Nxd4 Bxd4 25. c3 Ba7 26. a5 h3 27. g3 f5 28. Nb4 Bxa2 29. Rxa2 Bc5 30. Nd5 fxe4 31. fxe4 Rf8 32. Raa1 Qg4 33. b4 Ba7 34. Rae1 Rcd8 35. Ne7 Rd7 36.
Rxf8 Kxf8 37. Nd5 Rf7 38. Rf1 Qxe4+ 0-1

[Event "Late-Titled-Tuesday-Blitz-March-12-2024"]
[Site "Chess.com"]
[Date "2024.03.12"]
[Round "2"]
[White "Jahonas"]
[Black "Real_taiatai"]
[Result "0-1"]
[WhiteElo "2321"]
[BlackElo "2550"]
[TimeControl "180+1"]
[EndTime "14:16:41 PDT"]
[Termination "Real_taiatai won by resignation"]

1. d4 f5 2. c4 e6 3. Nc3 Nf6 4. Bg5 Be7 5. Bxf6 Bxf6 6. e4 fxe4 7. Nxe4 O-O 8. Nf3 Nc6 9. Be2 d5 10. Nxf6+ Qxf6 11. O-O Kh8 12. Qd2 dxc4 13. Bxc4 Bd7 14. Rfe1 Rad8 15. Rad1 Ne7 16. Ne5 Bc8 17. f3 Nf5 18.
Qc3 Rd6 19. Ng4 Qd8 20. Re4 c5 21. Bd3 cxd4 22. Qa3 a6 23. Rde1 Rc6 24. Ne5 Rc7 25.
Rf4 Rf6 26. g4 Ne3 27. Rxf6 gxf6 28. Rxe3 dxe3 29. Nc4 Kg7 30. Nd6 Rd7 31. Nxc8 Rxd3 32. Qe7+ Qxe7 33. Nxe7 0-1

[Event "Late-Titled-Tuesday-Blitz-March-12-2024"]
[Site "Chess.com"]
[Date "2024.03.12"]
[Round "2"]
[White "ChessBrainiacOnTwitch"]
[Black "Chessbard1972"]
[Result "1-0"]
[WhiteElo "2772"]
[BlackElo "2440"]
[TimeControl "180+1"]
[EndTime "14:16:42 PDT"]
[Termination "ChessBrainiacOnTwitch won on time"]

1. Nf3 Nf6 2. b3 g6 3. Bb2 Bg7 4. e3 O-O 5. c4 c5 6. Nc3 d5 7.
cxd5 Nxd5 8. Rc1 b6 9. Qc2 Nb4 10. Qb1 Bf5 11. e4 Bg4 12. a3 N4c6 13. Be2 Bxf3 14.
Bxf3 Nd4 15. Bd1 Nbc6 16. O-O e6 17. f4 f5 18. e5 Na5 19. Qa2 Qd7 20. b4 Nb7 21.
Ne2 Rfe8 22. Nxd4 cxd4 23. Bf3 Rac8 24. Qb3 a5 25. Qd3 g5 26. Qa6 Rb8 27. Bc6 Qe7 28.
Bxe8 Qxe8 29. Bxd4 Qd7 30. Be3 axb4 31. axb4 gxf4 32.
Bxf4 Bf8 33. Qxb6 Nd6 34. Qxb8 Ne4 35. Be3 f4 36. Rxf4 1-0